 Dungeon Crawl Stone Soup version 0.29.1-12-g30fa7ad0bf (webtiles) character file.

Game seed: 693831296332171720

223 KittyFluff the Covered (level 6, -5/38 HPs)
             Began as a Gargoyle Fighter on Dec 27, 2022.
             Killed by divine providence
             ... invoked by an orc priest
              (11 damage)
             ... on level 4 of the Dungeon.
             The game lasted 00:15:48 (3551 turns).

KittyFluff the Covered (Gargoyle Fighter)           Turns: 3551, Time: 00:15:49

Health: -5/38      AC: 16    Str: 20    XL:     6   Next: 0%
Magic:  6/6        EV: 10    Int:  8    God:
Gold:   188        SH:  4    Dex: 11    Spells: 5/5 levels left

rFire   . . .      SeeInvis .   a - +0 flail
rCold   + . .      Faith    .   c - +0 buckler
rNeg    + . .      Spirit   .   g - +0 ring mail
rPois   ∞          Reflect  .   (no helmet)
rElec   +          Harm     .   s - +2 cloak
rCorr   +          Rampage  .   (no gloves)
Will    .....                   k - +2 pair of boots
Stlth   +.........              (no amulet)
HPRegen 0.12/turn               r - ring of protection from cold
MPRegen 0.10/turn               t - ring of resist corrosion

@: no status effects
A: sickness immunity, AC +4, negative energy resistance 1, electricity
resistance, torment resistance 1, petrification resistance
a: no special abilities


You were on level 4 of the Dungeon.
You visited 1 branch of the dungeon, and saw 4 of its levels.

You collected 188 gold pieces.

Inventory:

Hand Weapons
 a - a +0 flail (weapon)
 o - a +1 morningstar
 p - a +0 sling
Missiles
 l - 3 poisoned darts
 m - 7 stones (quivered)
Armour
 b - a +0 scale mail
 c - a +0 buckler (worn)
 g - a +0 ring mail (worn)
 k - a +2 pair of boots (worn)
 s - a +2 cloak (worn)
Jewellery
 r - a ring of protection from cold (left hand)
 t - a ring of resist corrosion (right hand)
Wands
 w - a wand of acid (13)
Scrolls
 e - a scroll of amnesia
 f - a scroll of magic mapping {unknown}
 h - 2 scrolls of enchant weapon
 i - a scroll of enchant armour {unknown}
 q - a scroll of teleportation
 v - a scroll of brand weapon {unknown}
Potions
 d - 2 potions of might
 j - 2 potions of brilliance
 n - 5 potions of berserk rage
 u - a potion of heal wounds


   Skills:
 + Level 4.2 Fighting
 + Level 3.4 Maces & Flails
 * Level 4.5 Armour
 + Level 1.1 Dodging
 + Level 0.2 Stealth
 * Level 4.2 Shields


You had 5 spell levels left.
You didn't know any spells.
Your spell library contained the following spells:

 Spells                   Type           Power      Damage    Failure   Level
 Summon Small Mammal      Summ           0%         N/A       67%         1
 Call Canine Familiar     Summ           0%         N/A       95%         3
 Summon Guardian Golem    Hex/Summ       0%         N/A       95%         3
 Tukima's Dance           Hex            0%         N/A       95%         3
 Passage of Golubria      Tloc           0%         N/A       100%        4
 Yara's Violent Unravell  Hex/Tmut       0%         3d3       100%        5


Dungeon Overview and Level Annotations

Branches:
Dungeon (4/15)
 Temple: D:4-7

Altars:
Zin

Annotations:
D:4 1 runed translucent door, Crazy Yiuf, Edmund, Ijyb


Innate Abilities, Weirdness & Mutations

You are immune to sickness and miasma.
Your stone body is resilient. (AC +4)
You are immune to poison.
You resist negative energy. (rN+)
You are resistant to electric shocks. (rElec)
You are resistant to unholy torment.
You are immune to petrification.


Message History

You thump the orc!
You kill the orc!
You hear an angry hiss.
The orc priest mumbles some strange prayers to Beogh against you.
Something writhes in agony!
Reactivating autopickup.
Ijyb the Twisted Goblin comes into view.
She is wielding a +0 hand axe and carrying a wand of iceblast (10).
The iguana closely misses you.
The orc priest mumbles some strange prayers to Beogh against you.
Beogh smites you!
Ijyb shouts!
You have reached level 6!
As you read the scroll labelled ZACEIKLIHIM, it crumbles to dust.
It is a scroll of enchant weapon.
Your +0 morningstar glows red for a moment.
The orc priest invokes the aid of Beogh against you.
Beogh smites you! The iguana bites you.
* * * LOW HITPOINT WARNING * * *
As you read the scroll labelled JUREOCSYFFO, it crumbles to dust.
It is a scroll of amnesia.
You feel forgetful for a moment. The iguana bites you.
* * * LOW HITPOINT WARNING * * *
An orc comes into view. It is wielding a +0 falchion.
As you read the scroll labelled BUWOUDGHIAS, it crumbles to dust.
You feel strangely unstable.
It was a scroll of teleportation.
The iguana bites you but does no damage.
Your surroundings seem slightly different.
The orc priest casts a cantrip, but nothing happens.
The orc wizard casts a spell.
The orc wizard flickers and vanishes!
Deactivating autopickup; reactivate with Ctrl-A.
The orc priest casts a cantrip, but nothing happens.
The iguana bites you.
* * * LOW HITPOINT WARNING * * *
The dart slug launches a dart at you.
The slug dart hits you but does no damage.
The iguana attacks as you move away! The iguana closely misses you.
The orc priest calls down the wrath of Beogh upon you.
Beogh smites you!
You die...

...........#.#....###
#....#
............##......#
♣....♣
............#....#.##
♣...♣♣
.................#..#
♣♣.♣♣
...<................##
♣.♣♣
............#........#
♣♣.♣
............##....##.#
♣.♣♣
.#..........###......#
♣♣.♣
###.........####@....#
#+#
#...........##.###.#
...
#.....#####...l..###
#...#
.......###....o.##
#..)# ......w#..#
##### .......#o##
...##.o## ... #g)# #.
#...#


You could see an iguana, 2 orc priests, a dart slug and an orc.

Vanquished Creatures
  A hound (D:3)
  Terence (D:3)
  4 gnolls
  5 adders
  A worm (D:3)
  3 dart slugs
  6 orcs
  5 ball pythons
  5 bats
  4 endoplasms (D:1)
  2 giant cockroaches
  5 goblins
  7 hobgoblins
  6 jackals
  7 kobolds
  2 quokkas (D:1)
  A frilled lizard (D:2)
  2 rats
67 creatures vanquished.

Vanquished Creatures (others)
  An orc wizard (D:4)
1 creature vanquished.

Grand Total: 68 creatures vanquished

Notes
Turn   | Place    | Note
-------+----------+-------------------------------------------
     0 | D:1      | KittyFluff the Gargoyle Fighter began the quest for the
                  | Orb.
     0 | D:1      | Reached XP level 1. HP: 14/14 MP: 1/1
   116 | D:1      | Reached XP level 2. HP: 19/19 MP: 2/2
   623 | D:1      | Reached XP level 3. HP: 11/24 MP: 3/3
   887 | D:1      | Found a faded altar of an unknown god.
  1939 | D:3      | Reached XP level 4. HP: 14/29 MP: 4/4
  2230 | D:3      | Reached skill level 1 in Dodging
  2504 | D:3      | Noticed Terence
  2516 | D:3      | Killed Terence
  2517 | D:3      | Reached XP level 5. HP: 27/33 MP: 5/5
  2622 | D:3      | Found a glowing silver altar of Zin.
  3371 | D:4      | Noticed Edmund
  3479 | D:4      | Found a runed translucent door.
  3480 | D:4      | Noticed Crazy Yiuf
  3542 | D:4      | Noticed Ijyb
  3543 | D:4      | Reached XP level 6. HP: 21/38 MP: 6/6
  3551 | D:4      | Killed from afar by an orc priest

Illustrated notes

Levels and vault maps discovered:
D:1:      wheals_arrival_linesprint, layout_rooms,
          shapermc_ecumenical_altar_hornbeckon, wad_floor_pattern_1
D:2:      layout_basic
D:3:      layout_loops_cross, zin_scriptorium, minivault_24, corexii_shack,
          uniq_terence
D:4:      layout_cave_pools, serial_shops, shop, cheibrodos_gnoll_hut,
          uniq_ijyb, uniq_crazy_yiuf_cottage, uniq_edmund

Skill      XL: |  1  2  3  4  5 |
---------------+----------------+-----
Dodging        | 1 |  1.1
Fighting       | 4 |  4.2
Maces & Flails | 3 |  3.4
Shields        | 4 |  4.2
Armour         | 4 |  4.5
Stealth        | |  0.2

Action                   |  1- 3 |  4- 6 || total
-------------------------+-------+-------++-------
Melee: Flail             |   125 |   128 ||   253
Throw: Stone             |       |     4 ||     4
  Use: Scroll            |       |     6 ||     6
Armor: Scale mail        |    25 |       ||    25
       Ring mail         |    35 |    77 ||   112
Dodge: Dodged            |    64 |    87 ||   151
Block: Buckler           |    32 |    36 ||    68
